 Dungeon Crawl Stone Soup version 0.25-a0-419-g7650d0de75 (webtiles) character file.

Game seed: 4267654601778600588, levelgen mode: deterministic

52345 Borgoz the Basher (level 14, -2/136 HPs)
             Began as a Gargoyle Berserker on Jan 17, 2020.
             Was a High Priest of Trog.
             Slain by a troll (8 damage)
             ... on level 15 of the Dungeon.
             The game lasted 00:36:01 (15148 turns).

Borgoz the Basher (Gargoyle Berserker)             Turns: 15148, Time: 00:36:02

Health: -2/136     AC: 37    Str: 37    XL:     14   Next: 63%
Magic:  14/14      EV: 17    Int:  9    God:    Trog [*****.]
Gold:   1052       SH:  0    Dex: 15    Spells: 13/13 levels left

rFire    . . .     SeeInvis .   b - +2 great mace (vorpal)
rCold    . . .     Gourm    .   (shield currently unavailable)
rNeg     + . .     Faith    .   g - +4 chain mail "Huisekaj" {Str+7}
rPois    ∞         Spirit   .   o - +2 hat
rElec    +         Reflect  .   k - +0 cloak
rCorr    .         Harm     .   G - +2 pair of gloves {Dex+3}
MR       +....                  E - +0 pair of boots
Stlth    ..........             z - amulet of regeneration
HPRegen  0.72/turn              y - +3 ring of strength
MPRegen  0.14/turn              f - +2 ring of protection

@: berserking (expiring), very quick
A: big wings, negative energy resistance 1, electricity resistance, unbreathing,
petrification resistance, rot immunity, AC +10
a: Fly, Berserk, Trog's Hand, Brothers in Arms, Renounce Religion


You were on level 15 of the Dungeon.
You worshipped Trog.
Trog was extremely pleased with you.
You were very hungry.

You visited 1 branch of the dungeon, and saw 15 of its levels.
You also visited: Bailey and Gauntlet.

You collected 1519 gold pieces.
You spent 467 gold pieces at shops.

Inventory:

Hand Weapons
 b - a +2 vorpal great mace (weapon)
 K - a +6 flail of protection
Armour
 g - the +4 chain mail "Huisekaj" (worn) {Str+7}
   (You bought it in a shop on level 7 of the Dungeon)

   It affects your strength (+7).
 k - a +0 cloak (worn)
 o - a +2 hat (worn)
 E - a +0 pair of boots (worn)
 G - a +2 pair of gloves of dexterity (worn)
 J - a +0 crystal plate armour
Jewellery
 f - a +2 ring of protection (right hand)
 t - an uncursed ring of protection from cold
 y - a +3 ring of strength (left hand)
 z - an amulet of regeneration (around neck)
Wands
 r - a wand of paralysis (26)
 x - a wand of digging (29)
 D - a wand of acid (8)
 H - a wand of iceblast (7)
Scrolls
 h - 5 scrolls of fog
 i - 5 scrolls of enchant armour
 l - 2 scrolls of blinking
 m - 5 scrolls of teleportation
 q - a scroll of brand weapon
 s - 2 scrolls of holy word {unknown}
 u - a scroll of summoning
 A - a scroll of vulnerability {unknown}
 F - a scroll of enchant weapon
 I - 4 scrolls of remove curse
Potions
 d - 2 potions of mutation
 e - 3 potions of haste
 j - 3 potions of heal wounds
 n - 5 potions of curing
 p - a potion of agility
 w - 2 potions of cancellation
 B - a potion of invisibility {unknown}
 C - a potion of might
Comestibles
 a - 17 chunks of flesh
 c - 30 rations


   Skills:
 + Level 11.6 Fighting
 * Level 14.5 Maces & Flails
 + Level 11.4 Armour
 * Level 12.3 Dodging


You had 13 spell levels left.
You didn't know any spells.
Your spell library was empty.

Dungeon Overview and Level Annotations

Branches:
Dungeon (15/15)            Temple (0/1) D:5            Lair (0/6) D:11
    Orc (0/2) D:10         Vaults (0/5) D:13         Depths (0/5) D:15
 Bailey (visited)         Gauntlet (visited)

Altars:
Ashenzari
Dithmenos
Fedhas
Gozag
Kikubaaqudgha
Makhleb
Nemelex Xobeh
Okawaru
Qazlal
Ru
Sif Muna
Wu Jian
Yredelemnul

Shops:
D:6 *   D:7 [}(   D:11 (   D:13 ?


Innate Abilities, Weirdness & Mutations

You are resistant to torment.
Your stone body is resilient. (AC +10)
You are immune to poison.
Your large and strong wings let you fly indefinitely.
You resist negative energy. (rN+)
You are resistant to electric shocks. (rElec)
You can survive without breathing.
You are immune to petrification.
You are immune to rotting.


Message History

The bullfrog closely misses you.
You miss the deep elf mage.
The deep elf mage is severely wounded.
The troll closely misses you. The troll claws you.
* * * LOW HITPOINT WARNING * * *
The troll completely misses you.
The deep elf mage completely misses you.
The bullfrog hits you but does no damage.
You bludgeon the deep elf mage!!
You kill the deep elf mage!
Trog accepts your kill.
Trog appreciates your killing of a magic user.
The troll closely misses you. The troll misses you.
The troll claws you but does no damage. The bullfrog completely misses you.
You barely miss the troll.
The bullfrog hits you but does no damage.
You sock the troll!
The troll is moderately wounded.
The troll barely misses you. The troll closely misses you. The troll claws you!
You die...

,,,,,,,,,,,,,,,,,,,*>,*****,,,,,#
,,,,,,,,,..........**,,,,,,,****#
,,,,,,,,,.........#***,,,,,** #
,,,,,,,,,.........# *******
,,,,,,,,,..)....!.#
,,,,,,,,,.........#
,,,,,,,,,.........#
,,,,,,,,,.......).#
,,,,,,,,,......T@(###############
,,,,,,,,,...####F................
,,,,,,,,,,,,* #.†...............
,,,,,,,,,,,,* #..###############
,,,,,,,,,,,,***#..#
,,,,,,,,,,,,,,....#
,,,,,,,,,,,,,.....#
,,,,,,,,,,,,####..# ,,,,,,,,,,,,*
#..#


You could see a troll and a bullfrog.

Vanquished Creatures
  Rupert (D:12)
  A tengu reaver (D:14)
  A minotaur (Gauntlet)
  Snorg (D:10)
  Harold (D:7)
  8 vault guards (D:13)
  3 hydras
  An ice dragon (D:15)
  A catoblepas (D:15)
  A death knight (D:13)
  5 centaur warriors
  A tengu warrior (D:15)
  2 two-headed ogres (D:12)
  A glowing orange brain (D:14)
  A skeletal warrior (D:13)
  2 unseen horrors (D:11)
  A phantasmal warrior (D:13)
  A necromancer (Gauntlet)
  A wizard (Gauntlet)
  2 deep elf magi
  A wolf spider zombie (D:15)
  2 manticores
  2 ugly things
  5 cyclopes
  Joseph (D:9)
  A centaur zombie (D:15)
  6 gargoyles
  2 freezing wraiths (D:13)
  A komodo dragon (D:14)
  6 trolls
  A hornet (D:15)
  Prince Ribbit (D:6)
  4 hippogriffs
  A raiju (Gauntlet)
  5 slime creatures (D:12)
  Sigmund (D:3)
  2 wraiths
  21 yaks
  A human (D:7)
  2 basilisks (D:11)
  4 wyverns
  Eustachio (D:6)
  Grum (D:8)
  A steam dragon (D:12)
  A vampire (D:12)
  3 hogs (D:7)
  Edmund (D:6)
  5 vampire mosquitoes (D:15)
  A soldier ant (D:10)
  An acid dragon (D:11)
  3 sky beasts
  A swamp drake (D:11)
  5 ice beasts
  3 phantoms
  A necrophage (D:6)
  10 orc warriors
  10 ogres
  8 wolves
  22 centaurs
  3 crocodiles (D:11)
  2 big kobolds
  12 bullfrogs
  3 scorpions
  8 killer bees
  4 wights (D:13)
  3 howler monkeys
  An electric eel (D:7)
  4 crimson imps
  2 bullfrog zombies
  2 quasits (D:12)
  8 hounds
  10 orc priests
  10 orc wizards
  3 bullfrog skeletons
  Crazy Yiuf (D:2)
  4 jellies
  4 centaur skeletons
  4 iguanas
  A lightning spire (Gauntlet)
  Ijyb (D:4)
  13 worker ants
  2 killer bee zombies
  2 hound skeletons (D:6)
  3 worker ant zombies
  A howler monkey zombie (D:7)
  7 gnolls
  13 adders
  11 shadow imps
  An ooze (D:7)
  An adder zombie (D:8)
  3 worms
  3 dart slugs
  9 leopard geckos
  62 orcs
  6 giant cockroaches
  8 goblins
  10 hobgoblins
  16 jackals
  3 quokkas
  2 ball pythons
  8 bats
  3 frilled lizards
  17 kobolds
  2 leopard gecko skeletons
  A quokka skeleton (D:9)
  8 rats
489 creatures vanquished.

Vanquished Creatures (collateral kills)
  2 orc warriors (Bailey)
2 creatures vanquished.

Vanquished Creatures (others)
  A centaur (D:11)
  A fungus (Gauntlet)
  11 withered plants (Gauntlet)
13 creatures vanquished.

Grand Total: 504 creatures vanquished

Notes
Turn   | Place    | Note
-------+----------+-------------------------------------------
     0 | D:1      | Borgoz the Gargoyle Berserker began the quest for the Orb.
     0 | D:1      | Reached XP level 1. HP: 14/14 MP: 1/1
   316 | D:1      | Reached XP level 2. HP: 19/19 MP: 2/2
   849 | D:2      | Found an ancient bone altar of Kikubaaqudgha.
   863 | D:2      | Reached XP level 3. HP: 23/23 MP: 3/3
   916 | D:2      | Reached ** piety under Trog
  1186 | D:2      | Found an ornate altar of the Wu Jian Council.
  1264 | D:2      | Found a basalt altar of Yredelemnul.
  1385 | D:2      | Reached XP level 4. HP: 29/29 MP: 4/4
  1397 | D:2      | Reached skill level 4 in Maces & Flails
  1397 | D:2      | Reached XP level 5. HP: 32/33 MP: 5/5
  1772 | D:2      | Found a runed translucent door.
  1773 | D:2      | Noticed Crazy Yiuf
  2256 | D:2      | Killed Crazy Yiuf
  2513 | D:3      | Reached XP level 6. HP: 38/38 MP: 6/6
  2908 | D:3      | Noticed Sigmund
  2921 | D:3      | Killed Sigmund
  3120 | D:3      | Reached skill level 5 in Maces & Flails
  3129 | D:3      | Reached XP level 7. HP: 32/44 MP: 7/7
  3555 | D:4      | Noticed Ijyb
  3576 | D:4      | Killed Ijyb
  3576 | D:4      | Reached *** piety under Trog
  3653 | D:4      | Got an encrusted scale mail
  3664 | D:4      | Identified the +1 scale mail of Gozag's Envy {rElec rPois
                  | rF+ Str+4 Slay-2} (You found it on level 4 of the Dungeon)
  3897 | D:4      | You fall into a shaft and drop 2 floors!
  3898 | D:6      | Noticed Eustachio
  3909 | D:6      | Killed Eustachio
  3949 | D:5      | Entered Level 5 of the Dungeon
  3952 | D:5      | Noticed a hippogriff
  3964 | D:5      | Killed a hippogriff
  3964 | D:5      | Reached skill level 5 in Fighting
  3964 | D:5      | Reached skill level 6 in Maces & Flails
  3964 | D:5      | Reached XP level 8. HP: 33/49 MP: 8/8
  4533 | D:5      | Reached skill level 5 in Dodging
  4537 | D:5      | Reached skill level 5 in Armour
  4579 | D:5      | Found a staircase to the Ecumenical Temple.
  5336 | D:6      | Reached skill level 7 in Maces & Flails
  5336 | D:6      | Reached XP level 9. HP: 55/55 MP: 9/9
  5375 | D:6      | Noticed Prince Ribbit
  5384 | D:6      | Killed Prince Ribbit
  5495 | D:6      | Found a sacrificial altar of Ru.
  5803 | D:6      | Found Cedibes's Mass Market.
  5808 | D:6      | Reached **** piety under Trog
  5862 | D:6      | Found a shattered altar of Ashenzari.
  6000 | D:6      | Noticed Edmund
  6017 | D:6      | Killed Edmund
  6060 | D:6      | Found a burning altar of Makhleb.
  6503 | D:7      | Found a sparkling altar of Nemelex Xobeh.
  6503 | D:7      | Found a shadowy altar of Dithmenos.
  6503 | D:7      | Found an iron altar of Okawaru.
  6503 | D:7      | Found an opulent altar of Gozag.
  6564 | D:7      | Reached skill level 8 in Maces & Flails
  6642 | D:7      | Found a shimmering blue altar of Sif Muna.
  6644 | D:7      | Found a blossoming altar of Fedhas.
  6644 | D:7      | Noticed Harold
  6663 | D:7      | Killed Harold
  6663 | D:7      | Reached XP level 10. HP: 61/61 MP: 10/10
  6702 | D:7      | Found Xoanla Nefai's Gadget Emporium.
  6723 | D:7      | Found Birhao's Weapon Shop.
  6824 | D:7      | Found Oblufom's Antique Armour Shop.
  6829 | D:7      | Bought a faintly humming chain mail for 247 gold pieces
  6834 | D:7      | Got a smoking falchion
  6845 | D:7      | Identified the +4 chain mail "Huisekaj" {Str+7} (You bought
                  | it in a shop on level 7 of the Dungeon)
  6845 | D:7      | Identified the cursed +1 falchion "Powuodeq" {protect, MR++
                  | Int+4 Dex-2} (You found it on level 7 of the Dungeon)
  7297 | D:7      | Reached skill level 9 in Maces & Flails
  7700 | D:8      | Noticed Grum
  7741 | D:8      | Killed Grum
  8727 | D:9      | Reached XP level 11. HP: 68/68 MP: 11/11
  8771 | D:9      | Reached skill level 10 in Maces & Flails
  9183 | D:9      | Noticed Joseph
  9219 | D:9      | Killed Joseph
  9245 | D:9      | Found a stormy altar of Qazlal.
  9417 | D:10     | Entered Level 10 of the Dungeon
  9524 | D:10     | HP: 2/68 [gargoyle/stone arrow (18)]
  9719 | D:10     | Found a flagged portal.
  9729 | Bailey   | Entered a bailey
  9794 | Bailey   | Found a bloodstained altar of Trog.
 10217 | D:10     | Noticed Snorg
 10230 | D:10     | Killed Snorg
 10320 | D:10     | Found a staircase to the Orcish Mines.
 10660 | D:11     | Killed an unseen horror
 10660 | D:11     | Reached ***** piety under Trog
 10660 | D:11     | Received a gift from Trog
 10660 | D:11     | Reached skill level 11 in Maces & Flails
 10925 | D:11     | Found Vung's Antique Weapon Shoppe.
 11039 | D:11     | Killed an unseen horror
 11147 | D:11     | Reached XP level 12. HP: 76/76 MP: 12/12
 11150 | D:11     | Found a staircase to the Lair.
 11628 | D:12     | Reached skill level 10 in Dodging
 11726 | D:12     | Noticed a two-headed ogre
 11734 | D:12     | Killed a two-headed ogre
 11799 | D:12     | Reached skill level 12 in Maces & Flails
 11846 | D:12     | Noticed Rupert
 11862 | D:12     | Killed Rupert
 11862 | D:12     | Reached skill level 10 in Fighting
 11934 | D:12     | Noticed a two-headed ogre
 11943 | D:12     | Killed a two-headed ogre
 11965 | D:12     | Reached XP level 13. HP: 82/82 MP: 13/13
 11969 | D:12     | Received a gift from Trog
 12107 | D:12     | Reached skill level 10 in Armour
 12464 | D:13     | Found a gate to the Vaults.
 12464 | D:13     | Noticed a vault guard
 12464 | D:13     | Noticed a vault guard
 12464 | D:13     | Noticed a vault guard
 12464 | D:13     | Noticed a vault guard
 12464 | D:13     | Noticed a vault guard
 12464 | D:13     | Noticed a vault guard
 12464 | D:13     | Noticed a vault guard
 12465 | D:13     | Noticed a vault guard
 12484 | D:13     | Killed a vault guard
 12498 | D:13     | Killed a vault guard
 12512 | D:13     | Killed a vault guard
 12512 | D:13     | Reached skill level 13 in Maces & Flails
 12525 | D:13     | Killed a vault guard
 12530 | D:13     | Killed a vault guard
 12535 | D:13     | Killed a vault guard
 12546 | D:13     | Killed a vault guard
 12563 | D:13     | Killed a vault guard
 12850 | D:13     | Received a gift from Trog
 13134 | D:13     | Found Aniyli Sime's Magic Scroll Boutique.
 13142 | D:13     | Bought a scroll of identify for 22 gold pieces
 13142 | D:13     | Bought a scroll of identify for 22 gold pieces
 13142 | D:13     | Bought a scroll of identify for 22 gold pieces
 13142 | D:13     | Bought a scroll of identify for 22 gold pieces
 13142 | D:13     | Bought a scroll of remove curse for 33 gold pieces
 13142 | D:13     | Bought 2 scrolls of remove curse for 66 gold pieces
 13142 | D:13     | Bought a scroll of remove curse for 33 gold pieces
 13560 | D:14     | Noticed a tengu reaver
 13588 | D:14     | Killed a tengu reaver
 13588 | D:14     | Gained mutation: Your large and strong wings let you fly
                  | indefinitely. [Gargoyle growth]
 13588 | D:14     | Reached XP level 14. HP: 59/90 MP: 14/14
 13636 | D:14     | Found a basalt altar of Yredelemnul.
 14303 | D:15     | Entered Level 15 of the Dungeon
 14367 | D:15     | Found a gate leading to a gauntlet.
 14383 | D:15     | Reached skill level 14 in Maces & Flails
 14448 | D:15     | Received a gift from Trog
 14497 | Gauntlet | Entered a Gauntlet
 14497 | Gauntlet | Found a transporter.
 14497 | Gauntlet | Found a transporter.
 14497 | Gauntlet | Found a transporter.
 14523 | Gauntlet | Found a transporter.
 14537 | Gauntlet | Found a transporter.
 14547 | Gauntlet | Found a transporter.
 14568 | Gauntlet | Found a transporter.
 14574 | Gauntlet | Found a transporter.
 14577 | Gauntlet | Found a transporter.
 14592 | Gauntlet | Found a transporter.
 14592 | Gauntlet | Found a transporter.
 14641 | Gauntlet | Found a transporter.
 14865 | Gauntlet | Identified the cursed +2 flail "Beastslayer" {flame, rN+
                  | Int+2 Dex+4}
 15140 | D:15     | HP: 4/135 [troll (9)]
 15145 | D:15     | HP: 4/135 [troll (1)]
 15148 | D:15     | Slain by a troll

Levels and vault maps discovered:
D:1:      psy_arrival_basics, layout_basic, minmay_misc_feat_five
D:2:      cheibrodos_pilgrimage, layout_basic, nicolae_overflow_hidden_temple,
          yredelemnul_altar_generic, lemuel_doored_altar,
          uniq_crazy_yiuf_cottage
D:3:      layout_loops_corners, first_ration, uniq_sigmund
D:4:      layout_basic, kennysheep_generic_room_12, uniq_ijyb
D:5:      layout_basic, minmay_temple_entry_offerings,
          minmay_fractal_squares_gapless_5
D:6:      layout_basic, marbit_many_paths, kennysheep_little_box,
          nicolae_overflow_crystal_walls, minmay_shop_mass, uniq_prince_ribbit1,
          uniq_edmund, uniq_eustachio
D:7:      layout_basic, chequers_temple_overflow_statue_of_worship,
          grunt_temple_overflow_open, serial_shops, shop, nicolae_shop_stone,
          nicolae_shop_statue_plus, grunt_livestock, minmay_misc_feat_enclosed,
          minivault_14, minmay_misc_feat_columns, uniq_harold
D:8:      layout_rooms, uniq_grum
D:9:      layout_irregular_city, basic_altar, uniq_joseph
D:10:     layout_loops_corners, orc_0_dummy, enter_bailey_2,
          kennysheep_generic_room_16, uniq_snorg
D:11:     layout_loops_ring, erik_lair_dragon, serial_shops, shop
D:12:     layout_basic, st_stairs_10, uniq_rupert
D:13:     layout_basic, erik_vaults_2, special_room [special_room_orc],
          serial_shops, shop
D:14:     layout_loops_ring, basic_altar, minmay_misc_feat_x, hex_tiny,
          minmay_three_doors
D:15:     grunt_enter_depths_hoard, layout_small_grid, gauntlet_entry_generic,
          minivault_26, minmay_starry_boxes

Skill      XL: |  1  2  3  4  5  6  7  8  9 10 11 12 13 14 |
---------------+-------------------------------------------+-----
Dodging        | 2 3 4 5 6 8 9 10 11 12 | 12.3
Armour         | 3 4 5 6 7 8 9 10 11 | 11.4
Maces & Flails | 4 5 6 7 8 9 11 12 13 14 | 14.5
Fighting       | 4 5 6 8 9 10 11 | 11.6

Action                   |  1- 3 |  4- 6 |  7- 9 | 10-12 | 13-15 || total
-------------------------+-------+-------+-------+-------+-------++-------
Melee: Mace              |   111 |   169 |   151 |       |       ||   431
       Morningstar       |       |       |   191 |       |       ||   191
       Dire flail        |       |       |    39 |   363 |   564 ||   966
       Falchion          |       |       |       |   721 |       ||   721
       Great mace        |       |       |       |       |   102 ||   102
Throw: Throwing net      |       |       |       |     4 |     1 ||     5
Invok: Berserk           |     2 |     2 |     7 |     8 |     4 ||    23
       Trog's Hand       |       |     2 |     1 |     7 |       ||    10
       Brothers in Arms  |       |       |       |     1 |       ||     1
Evoke: Wand              |       |       |       |     4 |       ||     4
  Use: Scroll            |     6 |     2 |     6 |     9 |     7 ||    30
       Potion            |       |     3 |       |     2 |       ||     5
 Stab: Sleeping          |       |     1 |       |       |       ||     1
       Held in net/web   |       |       |       |       |     3 ||     3
  Eat: Chunk             |     2 |    10 |    14 |    28 |    10 ||    64
       Ration            |       |       |     1 |     1 |     1 ||     3
Armor: Animal skin       |    49 |    66 |       |       |       ||   115
       Plate armour      |       |    27 |   292 |       |       ||   319
       Scale mail        |       |       |    24 |     9 |       ||    33
       Chain mail        |       |       |       |   876 |   399 ||  1275
Dodge: Dodged            |    95 |   180 |   190 |   871 |   584 ||  1920
       Rpst.: Falchion   |       |       |       |   189 |       ||   189

Table legend:
 A = Non-vault XP
 B = Vault XP
 C = Vault XP percentage of total XP
 D = Non-vault monster count
 E = Vault monster count
 F = Vault count percentage of total count
                 A         B        C        D         E       F
            +---------+---------+-------+---------+---------+-------
      Total |   48574 |   26205 |  35.0 |     393 |      99 |  20.1
            +---------+---------+-------+---------+---------+-------
        D:1 |      30 |       0 |   0.0 |      18 |       0 |   0.0
        D:2 |      43 |     178 |  80.5 |      23 |       8 |  25.8
        D:3 |     170 |     227 |  57.2 |      31 |       1 |   3.1
        D:4 |     134 |      36 |  21.2 |       6 |       2 |  25.0
        D:5 |     866 |     138 |  13.7 |      22 |       2 |   8.3
        D:6 |     754 |     680 |  47.4 |      31 |       4 |  11.4
        D:7 |    1391 |    1998 |  59.0 |      19 |       6 |  24.0
        D:8 |    1567 |     652 |  29.4 |      35 |       5 |  12.5
        D:9 |     699 |     481 |  40.8 |      15 |       1 |   6.2
       D:10 |    2543 |    1167 |  31.5 |      24 |       3 |  11.1
       D:11 |    3861 |     855 |  18.1 |      19 |       6 |  24.0
       D:12 |   11424 |    3461 |  23.3 |      60 |       5 |   7.7
       D:13 |    9925 |    8273 |  45.5 |      40 |      32 |  44.4
       D:14 |    2708 |    2965 |  52.3 |      13 |       3 |  18.8
       D:15 |   12459 |    1417 |  10.2 |      37 |       4 |   9.8
     Bailey |       0 |     332 | 100.0 |       0 |       6 | 100.0
   Gauntlet |       0 |    3345 | 100.0 |       0 |      11 | 100.0
            +---------+---------+-------+---------+---------+-------
